 Dungeon Crawl Stone Soup version 0.24.0-13-gcf9b3192b9 (webtiles) character file.

Game seed: 5549857318831829699, levelgen mode: deterministic

13 Feamoriel the Grave Robber (level 2, 0/15 HPs)
             Began as a Deep Elf Necromancer on Nov 7, 2019.
             Hit by a stone thrown by a kobold (2 damage)
             ... on level 1 of the Dungeon.
             The game lasted 00:08:20 (698 turns).

Feamoriel the Grave Robber (Deep Elf Necromancer)    Turns: 698, Time: 00:08:21

Health: 0/15       AC:  2    Str:  5    XL:     2   Next: 24%
Magic:  1/8        EV: 13    Int: 19    God:
Gold:   24         SH:  0    Dex: 15    Spells: 6/7 levels left

rFire    . . .     SeeInvis .   e - +0 dagger
rCold    . . .     Gourm    .   (no shield)
rNeg     . . .     Faith    .   a - +0 robe
rPois    .         Spirit   .   (no helmet)
rElec    .         Reflect  .   (no cloak)
rCorr    .         Harm     .   (no gloves)
MR       .....                  (no boots)
Stlth    ++........             (no amulet)
HPRegen  0.05/turn              (no ring)
MPRegen  0.11/turn              (no ring)

@: no status effects
A: no striking features
a: no special abilities


You were on level 1 of the Dungeon.
You were not hungry.

You visited 1 branch of the dungeon, and saw 1 of its levels.

You collected 24 gold pieces.

Inventory:

Hand Weapons
 e - a +0 dagger (weapon)
 g - a +0 dagger
 j - a +0 short sword
 k - a +0 dagger
 m - a +0 hand axe
 n - a +0 dagger
Missiles
 f - 40 arrows
 l - 19 stones (quivered)
Armour
 a - a +0 robe (worn)
 d - a +0 chain mail
Scrolls
 b - 3 scrolls of identify {unknown}
 h - a scroll of enchant armour {unknown}
 i - a scroll of remove curse {unknown}
Comestibles
 c - a ration


   Skills:
 + Level 2.6 Dodging
 + Level 2.5 Stealth
 + Level 3.2 Spellcasting
 + Level 5.3 Necromancy


You had 6 spell levels left.
You knew the following spells:

 Your Spells              Type           Power        Failure   Level  Hunger
a - Pain                  Necr           ###.         1%          1    None

Your spell library contained the following spells:

 Spells                   Type           Power        Failure   Level  Hunger
 Animate Skeleton         Necr           N/A          1%          1    None
 Vampiric Draining        Necr           ###.......   4%          3    ###....
 Regeneration             Chrm/Necr      ##........   16%         3    ###....
 Animate Dead             Necr           N/A          17%         4    ####...


Dungeon Overview and Level Annotations

Branches:
Dungeon (1/15)

Altars:


Message History

Confirm with . or Enter, or press ? or * to list all spells.
Aiming: Pain (safe; 1% risk of failure)
Press: ? - help, Shift-Dir - straight line, f/p - jackal
Aim: a jackal (chance to defeat MR: 92%)
The jackal writhes in agony.
The kobold shouts!
The jackal barely misses you.
The kobold throws a stone.
The stone closely misses you. The jackal closely misses you.
Casting: Pain (safe; 1% risk of failure)
Confirm with . or Enter, or press ? or * to list all spells.
Aiming: Pain (safe; 1% risk of failure)
Press: ? - help, Shift-Dir - straight line, f/p - jackal
Aim: a jackal (severely wounded, chance to defeat MR: 92%)
The jackal writhes in agony.
You kill the jackal!
A kobold comes into view. It is wielding a +0 dagger.
The kobold throws a stone.
The stone hits you but does no damage.
You see here a stone.
The kobold throws a stone.
The stone hits you.
You die...

#.. #....###+#.... ##.
##.............. ##
#...............# #
#K..............#
#...............# ####
#...............# #...
#...............#####..?
#@............#...
#.(...............
#...(.###.......##
###...............#.
...................#.
#...................#.
#........†...w......#.
#..K.....#...!......#.
#........####.........


You could see 2 kobolds.

Vanquished Creatures
  2 goblins (D:1)
  3 jackals (D:1)
  3 kobolds (D:1)
  A bat (D:1)
  A frilled lizard (D:1)
  2 rats (D:1)
12 creatures vanquished.

Notes
Turn   | Place    | Note
-------+----------+-------------------------------------------
     0 | D:1      | Feamoriel the Deep Elf Necromancer began the quest for the
                  | Orb.
     0 | D:1      | Reached XP level 1. HP: 10/10 MP: 6/6
   104 | D:1      | Reached skill level 5 in Necromancy
   179 | D:1      | Reached XP level 2. HP: 8/15 MP: 4/8
   698 | D:1      | Hit by a stone thrown by a kobold

Levels and vault maps discovered:
D:1:      evilmike_arrival_crescent, layout_basic

Skill      XL: |  1 |
---------------+----+-----
Necromancy     | 5 |  5.3
Dodging        | |  2.6
Stealth        | |  2.5
Spellcasting   | |  3.2

Action                   || total
-------------------------++-------
 Cast: Pain              ||    20
Armor: Robe              ||     2
Dodge: Dodged            ||    14
